3A
NIAGARA FALLS EXPOS @ ALAMEDA AIRMEN
07/17/2022
 
TOP OF THE 1ST
Niagara Falls Expos batting - Pitching for Alameda Airmen : RHP Reynaldo Maestas
Pitching: RHP Reynaldo Maestas
Batting: RHB Michael Peterson 0-0: Ball
1-0: Fly out, F9 (Flyball, 9M)
Batting: RHB Barkley B. Cooltimes 0-0: Ball
1-0: Foul Ball, location: 2F
1-1: Ball
2-1: Swinging Strike
2-2: Ball
3-2: Strikes out swinging
Batting: LHB Manny Valentín 0-0: Ball
1-0: Ball
2-0: Ball
3-0: Called Strike
3-1: Fly out, F4 (Line Drive, 4)
Top of the 1st over - 0 run(s), 0 hit(s), 0 error(s), 0 left on base; Niagara Falls 0 - Alameda 0
BOTTOM OF THE 1ST
Alameda Airmen batting - Pitching for Niagara Falls Expos : RHP Paco Peña
Pitching: RHP Paco Peña
Batting: RHB Mariano Sánchez 0-0: Ball
1-0: Ball
2-0: Called Strike
2-1: Fly out, F8 (Line Drive, 8LM)
Batting: RHB Vicente Rodríguez 0-0: Called Strike
0-1: Ball
1-1: Foul Ball, location: 2F
1-2: Ball
2-2: Ball
3-2: Strikes out swinging
Batting: RHB Joe Phillips 0-0: Ball
1-0: Swinging Strike
1-1: Fly out, F8 (Flyball, 8RM)
Bottom of the 1st over - 0 run(s), 0 hit(s), 0 error(s), 0 left on base; Niagara Falls 0 - Alameda 0
TOP OF THE 2ND
Niagara Falls Expos batting - Pitching for Alameda Airmen : RHP Reynaldo Maestas
Batting: RHB John Thompson 0-0: Called Strike
0-1: Foul Ball, location: 2F
0-2: Strikes out swinging
Batting: RHB Eduardo Torres 0-0: Ground out U3 (Groundball, 3S)
Batting: RHB José Rodríguez 0-0: Fly out, F6 (Line Drive, 6)
Top of the 2nd over - 0 run(s), 0 hit(s), 0 error(s), 0 left on base; Niagara Falls 0 - Alameda 0
BOTTOM OF THE 2ND
Alameda Airmen batting - Pitching for Niagara Falls Expos : RHP Paco Peña
Batting: LHB Jorge Vargas 0-0: Ball
1-0: Ball
2-0: Called Strike
2-1: Foul Ball, location: 2F
2-2: Strikes out looking
Batting: SHB Esteban Lugo 0-0: Called Strike
0-1: SINGLE (Line Drive, 34)
Batting: RHB Ricardo Téllez 0-0: Called Strike
0-1: Ball
1-1: Swinging Strike
1-2: Foul Ball, location: 2F
1-2: Ball
2-2: Ball
3-2: Strikes out swinging
Batting: SHB Orlando Villa 0-0: Ball
1-0: Ground out U3 (Groundball, 3L)
Bottom of the 2nd over - 0 run(s), 1 hit(s), 0 error(s), 1 left on base; Niagara Falls 0 - Alameda 0
TOP OF THE 3RD
Niagara Falls Expos batting - Pitching for Alameda Airmen : RHP Reynaldo Maestas
Batting: RHB Rodrigo Velasco 0-0: Called Strike
0-1: Ball
1-1: Ground out 5-3 (Groundball, 5)
Batting: RHB Luis Rodríguez 0-0: Called Strike
0-1: Ball
1-1: Ball
2-1: Called Strike
2-2: Foul Ball, location: 2F
2-2: Strikes out looking
Batting: RHB António Gonzáles 0-0: Foul Ball, location: 2F
0-1: Ball
1-1: Ball
2-1: Ball
3-1: Base on Balls
Batting: RHB Michael Peterson 0-0: Called Strike
0-1: Swinging Strike
0-2: Fly out, F8 (Flyball, 8LM)
Top of the 3rd over - 0 run(s), 0 hit(s), 0 error(s), 1 left on base; Niagara Falls 0 - Alameda 0
BOTTOM OF THE 3RD
Alameda Airmen batting - Pitching for Niagara Falls Expos : RHP Paco Peña
Batting: LHB Fernando Gaona 0-0: Called Strike
0-1: Ball
1-1: Ball
2-1: Ball
3-1: Base on Balls
Batting: RHB Lenny Roper 0-0: SINGLE (Groundball, 6MD)
Fernando Gaona to second
Batting: RHB Mariano Sánchez 0-0: Fly out, F9 (Flyball, 9LS)
Batting: RHB Vicente Rodríguez 0-0: Ball
1-0: Foul Ball, location: 2F
1-1: Called Strike
1-2: Ball
2-2: Grounds into double play, 4-6-3 (Groundball, 4)
Bottom of the 3rd over - 0 run(s), 1 hit(s), 0 error(s), 1 left on base; Niagara Falls 0 - Alameda 0
TOP OF THE 4TH
Niagara Falls Expos batting - Pitching for Alameda Airmen : RHP Reynaldo Maestas
Batting: RHB Barkley B. Cooltimes 0-0: Ball
1-0: Foul Ball, location: 2F
1-1: Ball
2-1: Called Strike
2-2: Ball
3-2: Base on Balls
Batting: LHB Manny Valentín 0-0: Ball
1-0: Foul Ball, location: 2F
1-1: Foul Ball, location: 2F
1-2: Ball
2-2: Foul Ball, location: 2F
2-2: 2-RUN HOME RUN (Flyball, 8RXD), Distance : 429 ft
Batting: RHB John Thompson 0-0: Called Strike
0-1: Called Strike
0-2: Foul Ball, location: 2F
0-2: Strikes out swinging
Batting: RHB Eduardo Torres 0-0: Ball
1-0: Ball
2-0: Ball
3-0: Called Strike
3-1: Foul Ball, location: 2F
3-2: Strikes out looking
Batting: RHB José Rodríguez 0-0: Swinging Strike
0-1: Foul Ball, location: 2F
0-2: Strikes out swinging
Top of the 4th over - 2 run(s), 1 hit(s), 0 error(s), 0 left on base; Niagara Falls 2 - Alameda 0
BOTTOM OF THE 4TH
Alameda Airmen batting - Pitching for Niagara Falls Expos : RHP Paco Peña
Batting: RHB Joe Phillips 0-0: Foul Ball, location: 2F
0-1: Foul Ball, location: 2F
0-2: Ball
1-2: Foul Ball, location: 2F
1-2: Ball
2-2: Strikes out swinging
Batting: LHB Jorge Vargas 0-0: Fly out, F6 (Popup, 56D)
Batting: SHB Esteban Lugo 0-0: Called Strike
0-1: SINGLE (Line Drive, 8RS)
Batting: RHB Ricardo Téllez 0-0: Foul Ball, location: 2F
0-1: Ball
1-1: Called Strike
1-2: Foul Ball, location: 2F
1-2: Foul Ball, location: 2F
1-2: Strikes out swinging
Bottom of the 4th over - 0 run(s), 1 hit(s), 0 error(s), 1 left on base; Niagara Falls 2 - Alameda 0
TOP OF THE 5TH
Niagara Falls Expos batting - Pitching for Alameda Airmen : RHP Reynaldo Maestas
Batting: RHB Rodrigo Velasco 0-0: Ball
1-0: Ball
2-0: Ball
3-0: Base on Balls
Batting: RHB Luis Rodríguez 0-0: Sac Bunt - play at first, batter OUT! 1-3
Rodrigo Velasco to second
Batting: RHB António Gonzáles 0-0: Fly out, F3 (Popup, 34)
Batting: RHB Michael Peterson 0-0: Called Strike
0-1: Ball
1-1: Ball
2-1: Ball
3-1: Base on Balls
Batting: RHB Barkley B. Cooltimes 0-0: Ball
1-0: Foul Ball, location: 2F
1-1: Called Strike
1-2: Foul Ball, location: 2F
1-2: Strikes out swinging
Top of the 5th over - 0 run(s), 0 hit(s), 0 error(s), 2 left on base; Niagara Falls 2 - Alameda 0
BOTTOM OF THE 5TH
Alameda Airmen batting - Pitching for Niagara Falls Expos : RHP Paco Peña
Batting: SHB Orlando Villa 0-0: Ball
1-0: Fly out, F8 (Flyball, 8RM)
Batting: LHB Fernando Gaona 0-0: Ball
1-0: Called Strike
1-1: Ball
2-1: SINGLE (Line Drive, 34D)
Batting: RHB Lenny Roper 0-0: Ball
1-0: Ball
2-0: Foul Ball, location: 2F
Balk!
Fernando Gaona to second
2-1: Called Strike
2-2: Strikes out swinging
Batting: RHB Mariano Sánchez 0-0: Fly out, F5 (Line Drive, 5)
Bottom of the 5th over - 0 run(s), 1 hit(s), 0 error(s), 1 left on base; Niagara Falls 2 - Alameda 0
TOP OF THE 6TH
Niagara Falls Expos batting - Pitching for Alameda Airmen : RHP Reynaldo Maestas
Batting: LHB Manny Valentín 0-0: Ball
1-0: Foul Ball, location: 2F
1-1: Ball
2-1: Called Strike
2-2: Foul Ball, location: 2F
2-2: Ball
3-2: Fly out, F7 (Flyball, 7D)
Batting: RHB John Thompson 0-0: Swinging Strike
0-1: Ball
1-1: Ball
2-1: Called Strike
2-2: SINGLE (Line Drive, 7LS)
Pitching: LHP Cristo Perales
Batting: RHB Eduardo Torres 0-0: Called Strike
0-1: Ball
1-1: Swinging Strike
1-2: Fly out, F8 (Flyball, 8RS)
Batting: RHB José Rodríguez 0-0: Called Strike
0-1: Called Strike
0-2: Strikes out swinging
Top of the 6th over - 0 run(s), 1 hit(s), 0 error(s), 1 left on base; Niagara Falls 2 - Alameda 0
BOTTOM OF THE 6TH
Alameda Airmen batting - Pitching for Niagara Falls Expos : RHP Paco Peña
Batting: RHB Vicente Rodríguez 0-0: Called Strike
0-1: Ball
1-1: Ball
2-1: Swinging Strike
2-2: Ground out 6-3 (Groundball, 6M)
Batting: RHB Joe Phillips 0-0: Ball
1-0: Called Strike
1-1: Ball
2-1: Ground out 4-3 (Groundball, 4)
Batting: LHB Jorge Vargas 0-0: Called Strike
0-1: Ball
1-1: Ball
2-1: Fly out, F7 (Popup, 8LS)
Bottom of the 6th over - 0 run(s), 0 hit(s), 0 error(s), 0 left on base; Niagara Falls 2 - Alameda 0
TOP OF THE 7TH
Niagara Falls Expos batting - Pitching for Alameda Airmen : LHP Cristo Perales
Batting: RHB Rodrigo Velasco 0-0: Fly out, F9 (Popup, 9S)
Batting: RHB Luis Rodríguez 0-0: Swinging Strike
0-1: Fly out, F9 (Line Drive, 89M)
Batting: RHB António Gonzáles 0-0: Called Strike
0-1: Ball
1-1: Ball
2-1: Ball
3-1: Ground out 6-3 (Groundball, 6)
Top of the 7th over - 0 run(s), 0 hit(s), 0 error(s), 0 left on base; Niagara Falls 2 - Alameda 0
BOTTOM OF THE 7TH
Alameda Airmen batting - Pitching for Niagara Falls Expos : RHP Paco Peña
Batting: SHB Esteban Lugo 0-0: SINGLE (Line Drive, 34D)
Batting: RHB Ricardo Téllez 0-0: Ball
1-0: Foul Ball, location: 2F
1-1: Ball
2-1: Foul Ball, location: 2F
2-2: Ball
3-2: Foul Ball, location: 2F
3-2: Strikes out swinging
Esteban Lugo is caught stealing 2nd base
Batter strikes out.
Batting: SHB Orlando Villa 0-0: DOUBLE (Line Drive, 7LM)
Batting: LHB Fernando Gaona 0-0: Ball
1-0: Ball
2-0: Called Strike
2-1: Ground out 4-3 (Groundball, 34)
Bottom of the 7th over - 0 run(s), 2 hit(s), 0 error(s), 1 left on base; Niagara Falls 2 - Alameda 0
TOP OF THE 8TH
Niagara Falls Expos batting - Pitching for Alameda Airmen : LHP Cristo Perales
Batting: RHB Michael Peterson 0-0: Called Strike
0-1: Ball
1-1: Ball
2-1: Ball
3-1: Called Strike
3-2: Strikes out swinging
Batting: RHB Barkley B. Cooltimes 0-0: Called Strike
0-1: Called Strike
0-2: Ball
1-2: Ball
2-2: Strikes out swinging
Batting: LHB Manny Valentín 0-0: Ball
1-0: Ball
2-0: Ball
3-0: Called Strike
3-1: Foul Ball, location: 2F
3-2: Base on Balls
Batting: RHB John Thompson 0-0: Ball
1-0: Called Strike
1-1: Ball
2-1: Swinging Strike
2-2: Strikes out swinging
Top of the 8th over - 0 run(s), 0 hit(s), 0 error(s), 1 left on base; Niagara Falls 2 - Alameda 0
BOTTOM OF THE 8TH
Alameda Airmen batting - Pitching for Niagara Falls Expos : RHP Paco Peña
Batting: RHB Lenny Roper 0-0: Ground out 6-3 (Groundball, 6)
Batting: RHB Mariano Sánchez 0-0: Ball
1-0: Called Strike
1-1: Foul Ball, location: 2F
1-2: Fly out, F9 (Flyball, 9LMF)
Batting: RHB Vicente Rodríguez 0-0: Called Strike
0-1: Ball
1-1: Swinging Strike
1-2: Strikes out swinging
Bottom of the 8th over - 0 run(s), 0 hit(s), 0 error(s), 0 left on base; Niagara Falls 2 - Alameda 0
TOP OF THE 9TH
Niagara Falls Expos batting - Pitching for Alameda Airmen : LHP Cristo Perales
Pitching: LHP Finn Wuilink
Batting: RHB Eduardo Torres 0-0: Ball
1-0: Fly out, F8 (Flyball, 8RM)
Batting: RHB José Rodríguez 0-0: Called Strike
0-1: Ball
1-1: Ball
2-1: Foul Ball, location: 2F
2-2: Strikes out looking
Batting: RHB Rodrigo Velasco 0-0: Ball
1-0: Foul Ball, location: 2F
1-1: Called Strike
1-2: Foul Ball, location: 2F
1-2: Ball
2-2: Strikes out swinging
Top of the 9th over - 0 run(s), 0 hit(s), 0 error(s), 0 left on base; Niagara Falls 2 - Alameda 0
BOTTOM OF THE 9TH
Alameda Airmen batting - Pitching for Niagara Falls Expos : RHP Paco Peña
Pitching: LHP Jim Unknown
Batting: RHB Joe Phillips 0-0: Ball
1-0: Ball
2-0: Called Strike
2-1: Ball
3-1: Fly out, F8 (Flyball, 8RM)
Batting: LHB Jorge Vargas 0-0: Called Strike
0-1: SINGLE (Line Drive, 4D)
Pinch Hitting: RHB Juan García 0-0: Foul Ball, location: 2F
0-1: Ball
1-1: Swinging Strike
1-2: Strikes out swinging
Batting: RHB Ricardo Téllez 0-0: Ball
1-0: Ball
2-0: Fly out, F8 (Flyball, 8LD)
Bottom of the 9th over - 0 run(s), 1 hit(s), 0 error(s), 1 left on base; Niagara Falls 2 - Alameda 0
This league is powered by Out of the Park Baseball, the baseball management simulation game for PC, Mac and Linux
Friday, April 15th, 2016 - OOTP Baseball 16.9 Build 39